AoeStats
← DocPee

Arabian Desert

510365833Analyzed
1v1 RM · 1d ago on Sep 30, 2026· 45m 50s· 2 players
Game mode
Random Map
Map size
Tiny (2 player)
Population
200
Speed
Normal
Resources
Standard
Victory
Conquest
Starting age
Dark Age
Ending age
Imperial Age
RankedLock teamsTeams togetherTeam positionsShared explorationLock speedFull tech treeHidden civsTurbo modeCheats
Victory
Defeat
🇩🇪 Japanese · Germany
788
+15
🇺🇸 Danes · United States
777
-15
Knight05
6:36 Loom
11:42 Feudal Age
14:01 Wheelbarrow
16:39 Bloodlines
18:37 Scale Barding Armor
19:13 Forging
19:17 Man-at-Arms
24:15 Castle Age
23:13 Scale Mail Armor
24:40 Long Swordsman
28:46 Arson
31:54 Gambesons
44:00 Double-Bit Axe
45:15 Elite Skirmisher
DocPee
5:10 Loom
10:25 Feudal Age
11:37 Horse Collar
14:26 Double-Bit Axe
14:56 Man-at-Arms
18:28 Scale Mail Armor
22:40 Castle Age
23:20 Pikeman
23:42 Long Swordsman
27:48 Squires
28:09 Chain Mail Armor
28:05 Forging
29:25 Gold Mining
29:48 Bow Saw
30:52 Gold Shaft Mining
31:05 Fletching
39:37 Iron Casting
38:58 Bodkin Arrow
42:24 Imperial Age
43:34 Conscription
45:04 Conscription
45:06 Kataparuto
Connection lost

Rejoining the realm…

Still unreachable

The connection could not be restored.

Session expired

The server has moved on; the page needs a fresh start.